 Dungeon Crawl Stone Soup version 0.23-a0-767-gdc19b93d68 (webtiles) character file.

11 Hercules1031 the Ducker (level 2, 18/22 HPs)
             Began as a Demonspawn Gladiator on Jan 27, 2019.
             Got out of the dungeon alive.
             The game lasted 00:00:46 (301 turns).

Hercules1031 the Ducker (Demonspawn Gladiator)       Turns: 301, Time: 00:00:46

Health: 18/22      AC:  4    Str: 14    XL:     2   Next: 13%
Magic:  2/2        EV: 12    Int:  9    God:
Gold:   57         SH:  0    Dex: 14    Spells: 1/1 levels left

rFire    . . .     SeeInvis .   a - +0 war axe
rCold    . . .     Gourm    .   (no shield)
rNeg     . . .     Faith    .   b - +0 leather armour
rPois    .         Spirit   .   c - +0 helmet
rElec    .         Reflect  .   (no cloak)
rCorr    .         Harm     .   (no gloves)
MR       .....                  (no boots)
Stlth    ++........             (no amulet)
HPRegen  0.07/turn              (no ring)
MPRegen  0.08/turn              (no ring)

@: no status effects
A: nightstalker 1
a: no special abilities


You escaped.
You were not hungry.

You visited 1 branch of the dungeon, and saw 1 of its levels.

You collected 57 gold pieces.

Inventory:

Hand Weapons
 a - a +0 war axe (weapon)
Missiles
 d - 3 throwing nets (quivered)
Armour
 b - a +0 leather armour (worn)
 c - a +0 helmet (worn)
Scrolls
 e - 3 scrolls of identify {unknown}
 g - a scroll of immolation {unknown}
Comestibles
 f - 2 rations


   Skills:
 + Level 2.2 Fighting
 + Level 2.8 Axes
 - Level 1.7 Throwing
 + Level 0.6 Armour
 + Level 2.8 Dodging


You had one spell level left.
You didn't know any spells.
Your spell library was empty.

Dungeon Overview and Level Annotations

Branches:
Dungeon (1/15)

Altars:


Innate Abilities, Weirdness & Mutations

You are slightly more attuned to the shadows.


Message History

The bat hits you but does no damage. The bat closely misses you.
The bat completely misses you. The bat hits you but does no damage.
The bat misses you.
You hit the bat but do no damage. The bat hits you. The bat barely misses you.
The bat closely misses you. The bat barely misses you. x2
There is a stone staircase leading down here.
The bat hits you but does no damage. The bat completely misses you. x2
You hit the bat.
You kill the bat!
Unknown command.
There is an open door here.
You see here 21 stones.
There is a staircase leading out of the dungeon here.
You can't go down here!
Unknown command.
Are you sure you want to leave the Dungeon?
This will make you lose the game!
You have escaped!

.>.............................(.
######......###..#.########......
. #..#..........##### #...... ##
#..#P.............P #..###. ..
..#..#≈P...........P≈ #... .. #
#.#..#≈≈P.........P≈≈ ###.# # #
#.#..#≈≈≈P.......P≈≈≈ .#
##+#....#≈≈≈≈P.....P≈≈≈≈
.......##≈≈≈≈≈P.@.P≈≈≈≈≈
.......##≈≈≈≈P.....P≈≈≈≈
.......##≈≈≈P.......P≈≈≈
........#≈≈P.........P≈≈
...####.#≈P...........P≈ ...#
#.#P.............P
#######....#####.#######
#..........#####.#
#.########.....#.#


There were no monsters in sight!

Vanquished Creatures
  An ooze (D:1)
  A dart slug (D:1)
  A bat (D:1)
  A goblin (D:1)
  A rat (D:1)
5 creatures vanquished.

Notes
Turn   | Place    | Note
-------+----------+-------------------------------------------
     0 | D:1      | Hercules1031 the Demonspawn Gladiator began the quest for
                  | the Orb.
     0 | D:1      | Reached XP level 1. HP: 16/16 MP: 1/1
   176 | D:1      | Gained mutation: You are slightly more attuned to the
                  | shadows. [demonic ancestry]
   176 | D:1      | Reached XP level 2. HP: 11/22 MP: 2/2
   301 | D:$      | Got out of the dungeon alive.

Vault maps used:
D:1:      eino_arrival_druids_welcome, serial_co_window_serial,
          co_window_paths_a, co_window_paths_a, co_window_corner_a,
          co_window_of_opportunity_a, co_window_paths_b, co_window_2corner,
          co_window_broadway_b, co_window_corner_b, co_window_of_opportunity_b,
          co_window_of_opportunity_b, co_window_2corner, co_window_corner_ca,
          co_window_4corner_b, co_window_paths_d, glass_columns_a

Action                   || total
-------------------------++-------
Melee: War axe           ||    15
Armor: Leather armour    ||     3
Dodge: Dodged            ||    22

Table legend:
 A = Non-vault XP
 B = Vault XP
 C = Vault XP percentage of total XP
 D = Non-vault monster count
 E = Vault monster count
 F = Vault count percentage of total count
                 A         B        C        D         E       F
            +---------+---------+-------+---------+---------+-------
      Total |      16 |       0 |   0.0 |       5 |       0 |   0.0
            +---------+---------+-------+---------+---------+-------
        D:1 |      16 |       0 |   0.0 |       5 |       0 |   0.0
            +---------+---------+-------+---------+---------+-------
